 Dungeon Crawl Stone Soup version 0.30-a0-956-gcec3b41aec (webtiles) character file.

Game seed: 2861738817000907526

60 Demosthentine the Ducker (level 3, 0/28 HPs)
             Began as a Demonspawn Gladiator on Mar 29, 2023.
             Succumbed to a scorpion's poison
             ... on level 2 of the Dungeon.
             The game lasted 00:00:59 (1012 turns).

Demosthentine the Ducker (Demonspawn Gladiator)     Turns: 1012, Time: 00:00:59

Health: 0/28       AC:  6    Str: 16    XL:     3   Next: 80%
Magic:  3/3        EV: 12    Int:  9    God:
Gold:   95         SH:  0    Dex: 14    Spells: 2/2 levels left

rFire   . . .      SeeInvis .    a - +0 trident
rCold   . . .      Faith    .    (no shield)
rNeg    . . .      Spirit   .    b - +0 leather armour
rPois   .          Reflect  .    c - +1 helmet
rElec   .          Rampage  .    (no cloak)
rCorr   .                        (no gloves)
Will    .....                    h - +0 pair of boots
Stlth   +                        (no amulet)
HPRegen 0.24/turn                (no ring)
MPRegen 0.08/turn                (no ring)

@: mighty, lethally poisoned (0 -> -2), flying
A: foul stench 1
a: no special abilities


You were on level 2 of the Dungeon.
You visited 1 branch of the dungeon, and saw 2 of its levels.

You collected 95 gold pieces.

Inventory:

Hand Weapons
 a - a +0 trident (weapon)
Missiles
 d - 2 throwing nets (quivered)
 e - a javelin
Armour
 b - a +0 leather armour (worn)
 c - a +1 helmet (worn)
 h - a +0 pair of boots (worn)
Jewellery
 k - a ring of ice
Scrolls
 l - a scroll of identify {unknown}
 m - 2 scrolls of immolation {unknown}
Potions
 g - a potion of haste {unknown}
 i - a potion of berserk rage {unknown}
 j - a potion of flight
 n - a potion of degeneration {unknown}


   Skills:
 + Level 2.7 Fighting
 + Level 3.1 Polearms
 - Level 1.7 Throwing
 + Level 1.3 Armour
 + Level 3.2 Dodging


You had 2 spell levels left.
You didn't know any spells.
Your spell library contained the following spells:

 Spells                   Type           Power      Damage    Failure   Level
 Summon Forest            Summ/Tloc      0%         N/A       100%        5
 Eringya's Noxious Bog    Tmut/Pois      0%         N/A       100%        6
 Summon Hydra             Summ           0%         N/A       100%        7


Dungeon Overview and Level Annotations

Branches:
Dungeon (2/15)

Altars:
Ru


Innate Abilities, Weirdness & Mutations

You may rarely emit foul miasma when damaged in melee.


Message History

You are poisoned.
The scorpion poisons you!
The scorpion stings you but does no damage.
You hit the scorpion but do no damage.
You feel very sick. The scorpion barely misses you.
The kobold barely misses you.
Unknown command.
Throw: 3 throwing nets
Press: ? - help, Q - select action, (/) - cycle Shift-Dir - straight line, f - scorpion
Aim: a scorpion (59% to hit)
You throw a throwing net. The throwing net hits the scorpion.
The scorpion is caught in the net!
You feel sick.
The scorpion struggles against the net.
It was a potion of might.
You feel very mighty all of a sudden.
You feel sick. The kobold hits you but does no damage.
The scorpion struggles against the net.
Okay, then.
You hit the scorpion but do no damage.
You feel sick. The quokka bites you. The kobold hits you with a +0 dagger.
The scorpion struggles against the net.
The quokka bites you.
* * * LOW HITPOINT WARNING * * *
The kobold completely misses you.
The scorpion struggles against the net.
The net rips apart, and the scorpion comes free!
You closely miss the scorpion.
You feel sick. The quokka bites you.
* * * LOW HITPOINT WARNING * * *
You emit a cloud of foul miasma!
The scorpion stings you.
* * * LOW HITPOINT WARNING * * *
The kobold barely misses you.
You closely miss the scorpion.
* * * LOW HITPOINT WARNING * * *
You feel sick.
The quokka is engulfed in dark miasma.
The quokka is poisoned.
The quokka seems to slow down.
You kill the quokka!
The scorpion barely misses you. The kobold closely misses you.
The scorpion stings you but does no damage.
It was a potion of flight.
You feel very buoyant.
You fly up into the air.
You die...

##.........#######
#..........(.....##
#............<....##
#..................#
..###.................#
#.....................#
######.†..........!...#.
#...####...K..)<...
#..## #...@§....# ##..#
#..!s.....# ####..##
#.........# #.....#
............#
#..##..##..##......?....
#.###..)..# ##.......##.
......##### ##.....##
........# #######
.##.#.#.########


You could see a scorpion and a kobold.

Vanquished Creatures
  2 adders (D:2)
  8 ball pythons (D:1)
  An endoplasm (D:1)
  A giant cockroach (D:1)
  3 goblins
  4 hobgoblins
  4 jackals (D:1)
  2 quokkas
  5 bats
  2 frilled lizards (D:1)
  4 kobolds (D:1)
  2 rats (D:1)
38 creatures vanquished.

Notes
Turn   | Place    | Note
-------+----------+-------------------------------------------
     0 | D:1      | Demosthentine the Demonspawn Gladiator began the quest for
                  | the Orb.
     0 | D:1      | Reached XP level 1. HP: 16/16 MP: 1/1
   159 | D:1      | Gained mutation: You may rarely emit foul miasma when
                  | damaged in melee. [demonic ancestry]
   159 | D:1      | Reached XP level 2. HP: 22/22 MP: 2/2
   523 | D:1      | Reached skill level 1 in Armour
   590 | D:1      | Reached XP level 3. HP: 20/28 MP: 3/3
   849 | D:2      | Found a sacrificial altar of Ru.
  1001 | D:2      | Noticed a scorpion
  1011 | D:2      | HP: 1/28 [poisoned by a scorpion]
  1012 | D:2      | Succumbed to a scorpion's poison

Illustrated notes

Levels and vault maps discovered:
D:1:      amcnicky_arrival_feature_with_door, layout_basic,
          minmay_three_crescents
D:2:      layout_rooms, basic_altar, uniq_crazy_yiuf_cottage

Skill      XL: |  1  2 |
---------------+-------+-----
Dodging        | 3 |  3.2
Polearms       | 3 |  3.1
Armour         | 1 |  1.3
Fighting       | |  2.7
Throwing       | |  1.7

Action                     || total
---------------------------++-------
  Melee: Trident           ||   110
         Punch             ||     1
  Throw: Throwing net      ||     1
    Use: Potion            ||     2
         Scroll            ||     1
   Stab: Sleeping          ||     4
 Armour: Leather armour    ||    39
  Dodge: Dodged            ||    64

Table legend: (Time is in decaauts)
 A = Elapsed time spent in this place.
 B = Non-inter-level travel time spent in this place.
 C = Inter-level travel time spent in this place.
 D = Time resting spent in this place.
 E = Time spent auto-exploring this place.
 F = Levels seen in this place.
 G = Mean time per level.
                   A        B        C        D        E       F      G
               +--------+--------+--------+--------+--------+-----+--------+
         Total |   1030 |   1001 |     29 |      0 |    741 |   2 |  515.0 |
       Dungeon |   1030 |   1001 |     29 |      0 |    741 |   2 |  515.0 |
               +--------+--------+--------+--------+--------+-----+--------+

Top non-repeatable levels by time:
     D:1: 830 daAuts
     D:2: 199 daAuts
